 Dungeon Crawl Stone Soup version 0.28.0-53-g5a82cb258f (webtiles) character file.

Game seed: 13896926874628936353

35 solodx the Slasher (level 3, -1/30 HPs)
             Began as a Ghoul Gladiator on June 26, 2022.
             Slain by Robin
             ... wielding a +2 mace of draining
              (9 damage)
             ... on level 2 of the Dungeon.
             The game lasted 00:01:07 (1139 turns).

solodx the Slasher (Ghoul Gladiator)                Turns: 1139, Time: 00:01:08

Health: -1/30      AC:  4    Str: 19    XL:     3   Next: 35%
Magic:  2/2        EV: 12    Int:  3    God:
Gold:   19         SH:  0    Dex: 10    Spells: 2/2 levels left

rFire   . . .      SeeInvis .   a - +0 long sword
rCold   + . .      Faith    .   (no shield)
rNeg    + + +      Spirit   .   b - +0 leather armour
rPois   ∞          Reflect  .   c - +0 helmet
rElec   .          Harm     .   (no cloak)
rCorr   .          Rampage  .   (no gloves)
Will    .....                   (no boots)
Stlth   +.........              (no amulet)
HPRegen 0.00/turn               (no ring)
MPRegen 0.08/turn               (no ring)

@: inhibited regen
A: claws 1, cold resistance 1, negative energy resistance 3, inhibited
regeneration, torment resistance 2
a: no special abilities


You were on level 2 of the Dungeon.
You visited 1 branch of the dungeon, and saw 2 of its levels.

You collected 19 gold pieces.

Inventory:

Hand Weapons
 a - a +0 long sword (weapon)
Missiles
 d - 3 throwing nets (quivered)
Armour
 b - a +0 leather armour (worn)
 c - a +0 helmet (worn)
Scrolls
 e - a scroll of teleportation {unknown}
 f - a scroll of fog {unknown}


   Skills:
 + Level 2.4 Fighting
 + Level 3.2 Long Blades
 + Level 1.8 Throwing
 + Level 0.7 Armour
 + Level 3.1 Dodging


You had 2 spell levels left.
You didn't know any spells.
Your spell library contained the following spells:

 Spells                   Type           Power      Damage    Failure   Level
 Blink                    Tloc           0%         N/A       73%         2
 Lesser Beckoning         Tloc           0%         N/A       91%         3
 Manifold Assault         Tloc           0%         N/A       100%        5


Dungeon Overview and Level Annotations

Branches:
Dungeon (2/15)

Altars:

Annotations:
D:2 Robin


Innate Abilities, Weirdness & Mutations

You thrive by killing the living.
You are immune to poison.
You have sharp fingernails.
Your flesh is cold resistant. (rC+)
You are immune to negative energy. (rN+++)
You do not regenerate when monsters are visible.
You are immune to unholy pain and torment.


Message History

The goblin hits you but does no damage.
Robin hits you with a +2 mace of draining.
The goblin hits you but does no damage.
You hit Robin but do no damage.
Robin is lightly wounded.
Robin misses you. The goblin hits you but does no damage.
You hit Robin.
Robin is moderately wounded.
Robin hits you with a +2 mace of draining.
The goblin barely misses you.
The quokka twitches its whiskers.
You hit Robin.
Robin is moderately wounded.
Robin barely misses you.
The goblin hits you with a +1 dagger of venom.
Robin hits you with a +2 mace of draining.
You are too injured to fight recklessly!
You are too injured to fight recklessly!
You are too injured to fight recklessly!
You are too injured to fight recklessly!
You are too injured to fight recklessly!
You slash the goblin!
You kill the goblin!
You feel better. Robin barely misses you.
You barely miss Robin.
Robin is moderately wounded.
Robin closely misses you.
You closely miss Robin.
Robin is moderately wounded.
Robin barely misses you.
You slash Robin!
Robin is almost dead.
Robin hits you but does no damage.
Robin's bangles clink loudly.
Robin hits you with a +2 mace of draining.
* * * LOW HITPOINT WARNING * * *
You hit Robin but do no damage.
Robin is almost dead.
Robin hits you with a +2 mace of draining!
You die...

### ######.#
#......# #.####.#
#.####.#
##...<#.#
#...###.# ###
#...###.####.....
#...+...)@grr..$.
#...###.####.....
###.#.... ...
#.#.#.# . #.#.#.#
#.# .r. #.# #.


You could see Robin, a quokka and a rat.

Vanquished Creatures
  5 endoplasms (D:1)
  A giant cockroach (D:1)
  15 goblins
  2 kobolds (D:1)
  A quokka (D:1)
  2 bats (D:1)
  A frilled lizard (D:1)
  A rat (D:1)
28 creatures vanquished.

Notes
Turn   | Place    | Note
-------+----------+-------------------------------------------
     0 | D:1      | solodx the Ghoul Gladiator began the quest for the Orb.
     0 | D:1      | Reached XP level 1. HP: 17/17 MP: 0/0
   202 | D:1      | Reached XP level 2. HP: 24/24 MP: 1/1
   444 | D:1      | Found a faded altar of an unknown god.
  1117 | D:2      | Noticed Robin
  1119 | D:2      | Reached XP level 3. HP: 26/30 MP: 2/2
  1139 | D:2      | Slain by Robin

Illustrated notes

Levels and vault maps discovered:
D:1:      lightli_arrival_maybe_door_vault, layout_basic,
          shapermc_ecumenical_altar_mp_ritualfount, minmay_tripent
D:2:      layout_basic, basic_altar, uniq_robin, uniq_sigmund

Skill      XL: |  1  2 |
---------------+-------+-----
Dodging        | 3 |  3.1
Long Blades    | 3 |  3.2
Fighting       | |  2.4
Throwing       | |  1.8
Armour         | |  0.7

Action                   || total
-------------------------++-------
Melee: Long sword        ||    97
Armor: Leather armour    ||    39
Dodge: Dodged            ||    62
